 Dungeon Crawl Stone Soup version 0.17.1-1-g73c8601 (webtiles) character file.

7322 ernesto the Thaumaturge (level 10, -3/56 HPs)
             Began as a Deep Elf Conjurer on Dec 14, 2015.
             Was a Believer of Vehumet.
             Slain by an orc warrior
             ... wielding a +0 flail
              (7 damage)
             ... on level 10 of the Dungeon on Dec 15, 2015.
             The game lasted 01:32:00 (10698 turns).

ernesto the Thaumaturge (Deep Elf Conjurer)        Turns: 10698, Time: 01:32:00

Health: -3/56      AC: 10    Str:  8    XL:     10   Next: 90%
Magic:  39/46      EV: 10    Int: 21    God:    Vehumet [**....]
Gold:   504        SH:  0    Dex: 15    Spells: 8 memorised, 13 levels left

rFire  + + .     SeeInvis .     y - staff of death
rCold  . . .     Clarity  .     u - +2 robe {rF+}
rNeg   + . .     SustAt   .     (no shield)
rPois  +         Gourm    .     (no helmet)
rElec  .         Spirit   .     l - +1 cloak "Cual" {rPois rF+ Regen+ Stlth+}
rCorr  .         Warding  .     A - +2 pair of gloves
rMut   .         Stasis   +     z - +0 pair of boots
MR     +....                    K - amulet of stasis
Stlth  +++.......               s - ring of magical power
                                a - ring of magical power

@: somewhat resistant to hostile enchantments, fairly stealthy
A: no striking features
a: Renounce Religion


You were on level 10 of the Dungeon.
You worshipped Vehumet.
Vehumet was pleased with you.
You were very hungry.

You visited 2 branches of the dungeon, and saw 11 of its levels.

You collected 549 gold pieces.
You spent 45 gold pieces at shops.

Inventory:

Hand Weapons
 m - a +2 arbalest of flaming
 v - the +5 whip of the Undead {holy, *Drain rN+ Str+3}
   (You found it on level 6 of the Dungeon)

   It has been blessed by the Shining One to cause great damage to the undead
   and demons.
   It affects your strength (+3).
   It protects you from negative energy.
   It causes draining when unequipped.
Missiles
 E - a throwing net (quivered)
Armour
 l - the +1 cloak "Cual" (worn) {rPois rF+ Regen+ Stlth+}
   (You found it on level 6 of the Dungeon)

   It protects you from fire.
   It protects you from poison.
   It increases your rate of regeneration.
   It makes you more stealthy.
 u - a +2 robe of fire resistance (worn)
 z - a +0 pair of boots (worn)
 A - a +2 pair of gloves (worn)
Magical Staves
 y - an uncursed staff of death (weapon)
 B - an uncursed staff of air
Jewellery
 a - a ring of magical power (left hand)
 e - an uncursed ring of ice
 s - a ring of magical power (right hand)
 t - a +1 ring of protection
 K - an amulet of stasis (around neck)
Wands
 n - a wand of magic darts (22)
 w - a wand of teleportation (6)
 x - a wand of flame (33)
 G - a wand of magic darts (20)
Scrolls
 g - 3 scrolls of enchant weapon
 i - 11 scrolls of identify
 k - 2 scrolls of teleportation
 q - 5 scrolls of remove curse
 D - a scroll of enchant armour {unknown}
 F - a scroll of magic mapping {unknown}
 J - a scroll of torment {unknown}
 L - a scroll of acquirement {unknown}
 M - a scroll of fog
Potions
 d - 4 potions of heal wounds
 h - 3 potions of curing
 j - 2 potions of ambrosia {unknown}
 o - 2 potions of flight {unknown}
 p - 5 potions of brilliance {unknown}
 r - 4 potions of berserk rage {unknown}
 H - a potion of degeneration {unknown}
Books
 b - a book of Conjurations

   Spells                             Type                      Level
   a - Magic Dart                     Conjuration                  1
   b - Searing Ray                    Conjuration                  2
   c - Dazzling Spray                 Conjuration/Hexes            3
   d - Fulminant Prism                Conjuration/Hexes            4
   e - Iskenderun's Mystic Blast      Conjuration                  4
   f - Iskenderun's Battlesphere      Conjuration/Charms           5
 I - the Collected Works on Confrontation and Envenoming
   (You found it on level 9 of the Dungeon)

   Spells                             Type                      Level
   a - Sting                          Conjuration/Poison           1
   b - Throw Frost                    Conjuration/Ice              2
   c - Mephitic Cloud                 Conjuration/Poison/Air       3
   d - Olgreb's Toxic Radiance        Poison                       4
   e - Poisonous Cloud                Conjuration/Poison/Air       6
Comestibles
 c - 8 bread rations
 f - 2 meat rations
 C - 2 fruits


   Skills:
 * Level 3.1 Fighting
 + Level 5.5 Dodging
 - Level 2.4 Stealth
 - Level 12.8 Spellcasting
 + Level 11.5 Conjurations
 - Level 10.2 Charms


You had 13 spell levels left.
You knew the following spells:

 Your Spells              Type           Power        Failure   Level  Hunger
a - Magic Dart            Conj           ####         1%          1    None
b - Searing Ray           Conj           ######       1%          2    None
c - Iskenderun's Mystic   Conj           ######..     1%          4    None
d - Iskenderun's Battles  Conj/Chrm      ######..     1%          5    ####...
e - Fulminant Prism       Conj/Hex       #####.....   6%          4    None
f - Flame Tongue          Conj/Fire      #####        1%          1    None
g - Sting                 Conj/Pois      ####         1%          1    None
h - Mephitic Cloud        Conj/Pois/Air  ####....     2%          3    None


Dungeon Overview and Level Annotations

Branches:
Dungeon (10/15)            Temple (1/1) D:7            Lair (0/8) D:8
    Orc: D:9-12

Altars:
Dithmenos
Kikubaaqudgha
Makhleb
Nemelex Xobeh
Trog
Vehumet
Yredelemnul

Shops:
D:4 [   D:6 !

Annotations:
D:8 Joseph
D:10 Maurice


Message History

A gnoll comes into view. It is wielding a spear.
The gnoll shouts!
Maurice mumbles some strange words.
Maurice flickers and vanishes!
Deactivating autopickup; reactivate with Ctrl-A.
A gnoll comes into view. It is wielding a whip.
You hear a zap.
Something tries to affect you, but you resist.
A gnoll comes into view. It is wielding a club.
You hear some strange, mumbled words.
The hill giant closely misses you. The orc warrior hits you with a flail!!
* * * LOW HITPOINT WARNING * * *
The hound bites your battlesphere.
There is a stone staircase leading up, spattered with blood here.
You hear some strange, mumbled words.
The hound bites your battlesphere.
The gnoll hits you from afar with a spear.
* * * LOW HITPOINT WARNING * * *
The orc warrior hits you with a flail!
You die...

.......... .......
.........# .......
........# ..).... .
.......###....... ..
#............... ...
#...............
#...##...............
#...............†...
#......C@.....###.C
#.....§o*<....#
#......gh.....#
#..g..............
....##.g............
... #....g.........
.. #.............. .
.......###......
........ .....


You could see a hill giant, an orc warrior, a hound and 4 gnolls.

Vanquished Creatures
  A hydra (D:9)
  Pikel (D:7)
  A fire drake (D:8)
  9 yaks (D:9)
  A spriggan (D:7)
  A hungry ghost (D:9)
  3 hippogriffs (D:7)
  Menkaure (D:7)
  2 ice beasts
  A sky beast (D:6)
  An orc warrior (D:6)
  3 slaves (D:7)
  3 phantoms
  3 ogres
  3 centaurs
  2 big kobolds
  Blork the orc (D:6)
  6 giant frogs
  A wyvern zombie (D:7)
  A gnoll sergeant (D:8)
  A water moccasin skeleton (D:9)
  3 killer bees (D:9)
  3 scorpions
  3 crimson imps
  2 giant frog zombies
  A centaur zombie (D:8)
  4 hounds
  4 orc priests
  3 centaur skeletons
  2 giant frog skeletons
  3 iguanas
  8 orc wizards
  Natasha (D:3)
  4 worker ants
  A hound zombie (D:7)
  A hound skeleton (D:4)
  A worker ant zombie (D:7)
  11 adders
  9 gnolls
  2 shadow imps (D:5)
  An ooze (D:1)
  3 adder skeletons
  2 adder zombies (D:9)
  4 worms
  3 giant geckos
  15 orcs
  A ball python (D:4)
  8 bats
  8 giant cockroaches
  5 hobgoblins
  11 jackals
  15 kobolds
  A ball python skeleton (D:4)
  A giant gecko skeleton (D:4)
  A giant gecko zombie (D:7)
  4 giant newts
  6 goblins
  A jackal skeleton (D:4)
  3 quokkas
  7 rats
212 creatures vanquished.

Vanquished Creatures (others)
  A giant gecko (D:7)
1 creature vanquished.

Grand Total: 213 creatures vanquished

Notes
Turn   | Place    | Note
--------------------------------------------------------------
     0 | D:1      | ernesto the Deep Elf Conjurer began the quest for the Orb.
     0 | D:1      | Reached XP level 1. HP: 10/10 MP: 6/6
   404 | D:1      | Reached XP level 2. HP: 15/15 MP: 4/8
   524 | D:1      | Reached skill level 5 in Conjurations
   909 | D:2      | Reached XP level 3. HP: 19/19 MP: 5/9
  1083 | D:2      | Learned a level 2 spell: Searing Ray
  1678 | D:2      | Reached skill level 6 in Conjurations
  1792 | D:2      | Found a bloodstained altar of Trog.
  1896 | D:3      | Reached XP level 4. HP: 24/24 MP: 6/10
  2172 | D:3      | Noticed Natasha
  2175 | D:3      | Killed Natasha
  2340 | D:3      | Found an ancient bone altar of Kikubaaqudgha.
  2556 | D:3      | Found a shadowy altar of Dithmenos.
  2800 | D:4      | Reached XP level 5. HP: 28/28 MP: 10/11
  2871 | D:4      | Reached skill level 7 in Conjurations
  2924 | D:4      | Learned a level 4 spell: Iskenderun's Mystic Blast
  2985 | D:4      | Noticed a phantom
  2997 | D:4      | Killed a phantom
  3129 | D:4      | You fall through a shaft!
  3129 | D:5      | Entered Level 5 of the Dungeon
  3306 | D:5      | Noticed a phantom
  3317 | D:5      | Killed a phantom
  3317 | D:5      | Reached XP level 6. HP: 16/32 MP: 10/14
  3493 | D:5      | Reached skill level 8 in Conjurations
  3637 | D:4      | Found Xazxez's Armour Shop.
  4150 | D:4      | Learned a level 5 spell: Iskenderun's Battlesphere
  4908 | D:5      | Reached XP level 7. HP: 36/36 MP: 16/16
  4990 | D:5      | Reached skill level 5 in Spellcasting
  5349 | D:6      | Noticed Blork the orc
  5354 | D:6      | Killed Blork the orc
  5354 | D:6      | Reached skill level 9 in Conjurations
  5459 | D:6      | Got a warped cloak
  5465 | D:6      | Identified the +1 cloak "Cual" {rPois rF+ Regen+ Stlth+} (You found it on level 6 of the Dungeon)
  5612 | D:6      | Found a basalt altar of Yredelemnul.
  5842 | D:6      | Found a burning altar of Makhleb.
  5849 | D:6      | Got a bloodstained whip
  5850 | D:6      | Identified the +5 whip of the Undead {holy, *Drain rN+ Str+3} (You found it on level 6 of the Dungeon)
  5906 | D:6      | Reached skill level 10 in Conjurations
  6031 | D:6      | Reached XP level 8. HP: 22/41 MP: 19/19
  6365 | D:6      | Found Wufehuwk's Distillery.
  6414 | D:6      | Bought a potion of curing for 45 gold pieces
  6547 | D:6      | Reached skill level 5 in Charms
  6784 | D:7      | Noticed Pikel
  7240 | D:7      | Found a staircase to the Ecumenical Temple.
  7316 | Temple   | Entered the Ecumenical Temple
  7334 | Temple   | Became a worshipper of Vehumet
  7392 | D:7      | Reached skill level 11 in Conjurations
  7392 | D:7      | Reached XP level 9. HP: 32/45 MP: 17/20
  7393 | D:7      | Noticed Menkaure
  7477 | Temple   | Learned a level 4 spell: Fulminant Prism
  7480 | D:7      | Killed Menkaure
  7980 | D:7      | Killed Pikel
  8376 | D:8      | Noticed Joseph
  8464 | D:8      | Reached skill level 10 in Spellcasting
  8585 | D:8      | Found a staircase to the Lair.
  8587 | D:8      | Noticed a fire drake
  8612 | D:8      | Killed a fire drake
  9153 | D:8      | Reached XP level 10. HP: 45/50 MP: 27/27
  9267 | D:9      | Noticed an eight-headed hydra
  9424 | D:8      | Reached * piety under Vehumet
  9424 | D:8      | Offered knowledge of Flame Tongue by Vehumet.
  9487 | D:7      | Learned a level 1 spell: Flame Tongue
  9665 | D:9      | Killed an eight-headed hydra
  9665 | D:9      | Reached skill level 12 in Spellcasting
  9816 | D:9      | Identified the Collected Works on Confrontation and Envenoming (You found it on level 9 of the Dungeon)
  9822 | D:9      | Reached skill level 10 in Charms
  9911 | D:9      | Learned a level 1 spell: Sting
  9915 | D:9      | Learned a level 3 spell: Mephitic Cloud
  9985 | D:9      | Reached skill level 1 in Fighting
 10133 | D:9      | Reached skill level 5 in Dodging
 10359 | D:9      | Found a sparkling altar of Nemelex Xobeh.
 10424 | D:9      | Reached ** piety under Vehumet
 10539 | D:10     | Entered Level 10 of the Dungeon
 10544 | D:10     | Offered knowledge of Sandblast by Vehumet.
 10575 | D:10     | Noticed Maurice
 10575 | D:10     | Noticed a hill giant
 10698 | D:10     | Slain by an orc warrior

Action                   |  1- 3 |  4- 6 |  7- 9 | 10-12 || total
-------------------------+-------+-------+-------+-------++-------
Melee: Unarmed           |     1 |       |       |       ||     1
 Cast: Magic Dart        |    92 |   127 |   201 |    76 ||   496
       Searing Ray       |       |     5 |    14 |       ||    19
       Iskenderun's Myst |       |    11 |    51 |    53 ||   115
       Iskenderun's Batt |       |       |     5 |    11 ||    16
  Use: Scroll            |       |     7 |     1 |       ||     8
       Potion            |       |       |     1 |       ||     1
  Eat: Chunk             |     3 |     8 |    14 |     5 ||    30
       Beef jerky        |       |     1 |     2 |       ||     3
       Pizza             |       |       |     1 |       ||     1
       Fruit             |       |       |     2 |     1 ||     3
